 Dungeon Crawl Stone Soup version 0.31-a0-692-gf03d1854d5 (webtiles) character file.

Game seed: 1095872086526408907

745 qw the Shooter (level 7, -1/44 HPs)
             Began as a Gargoyle Hunter on Sept 6, 2023.
             Shot with an arrow by a centaur (10 damage)
             ... on level 4 of the Dungeon.
             The game lasted 00:01:36 (3015 turns).

qw the Shooter (Gargoyle Hunter)                    Turns: 3015, Time: 00:01:36

Health: -1/44      AC: 13    Str: 14    XL:     7   Next: 76%
Magic:  7/7        EV: 11    Int: 10    God:
Gold:   186        SH:  0    Dex: 15    Spells: 6/6 levels left

rFire   . . .        Y - +0 shortbow
rCold   . . .        (shield currently unavailable)
rNeg    + . .        d - +0 ring mail
rPois   inf          i - +0 helmet
rElec   +            k - +0 cloak
rCorr   .            (no gloves)
SInv    .            f - +0 pair of boots
Will    .....        (no amulet)
Stlth   +            (no ring)
HPRegen 0.27/turn    (no ring)
MPRegen 0.10/turn

%: no passive effects
@: no status effects
A: sickness immunity, AC +4, negative energy resistance 1, electricity
resistance, torment resistance 1, petrification resistance
a: no special abilities


You were on level 4 of the Dungeon.
You visited 1 branch of the dungeon, and saw 4 of its levels.
You also visited: Sewer.

You collected 186 gold pieces.


Innate Abilities, Weirdness & Mutations

You are immune to sickness and miasma.
Your stone body is resilient. (AC +4)
You are immune to poison.
You resist negative energy. (rN+)
You are resistant to electric shocks. (rElec)
You are resistant to unholy torment.
You are immune to petrification.


   Skills:
 - Level 4.5 Fighting
 + Level 7.9 Ranged Weapons
 - Level 3.2 Armour
 - Level 1.5 Dodging
 - Level 1.1 Stealth


You had 6 spell levels left.
You didn't know any spells.
Your spell library was empty.

Inventory:

Hand Weapons
 Y - a +0 shortbow (weapon)
Armour
 d - a +0 ring mail (worn)
 f - a +0 pair of boots (worn)
 i - a +0 helmet (worn)
 k - a +0 cloak (worn)
 n - a +2 pair of gloves
Jewellery
 o - a ring of protection from cold
Scrolls
 p - a scroll of fear {unknown}
Potions
 a - 3 potions of curing
 b - 2 potions of enlightenment
 c - a potion of haste {unknown}
 e - 2 potions of might
 g - a potion of degeneration {unknown}
 h - a potion of lignification {unknown}
 j - 2 potions of mutation {unknown}
 l - a potion of cancellation {unknown}
 m - a potion of attraction {unknown}

Dungeon Overview and Level Annotations

Branches:
Dungeon (4/15)              Sewer (visited)
 Temple: D:4-7

Altars:
Cheibriados
Fedhas
Qazlal
Zin

Annotations:
D:1 1 runed translucent door


Message History

The arrow hits the ogre but does no damage.
The centaur shoots an arrow.
The arrow hits you but does no damage.
You shoot an arrow.
The arrow completely misses the centaur.
The centaur shoots an arrow.
The arrow closely misses you. The ogre misses you.
The centaur shoots an arrow.
The arrow hits you.
You shoot an arrow. The arrow hits the ogre.
The ogre is lightly wounded.
The centaur shoots an arrow.
The arrow hits you!
You shoot an arrow. The arrow hits the ogre.
The ogre is moderately wounded.
The centaur shoots an arrow.
The arrow hits you but does no damage. The ogre closely misses you.
You shoot an arrow. The arrow hits the ogre.
The ogre is heavily wounded.
The ogre barely misses you.
You shoot an arrow. The arrow hits the ogre.
The ogre is heavily wounded.
The centaur shoots an arrow.
The arrow hits you but does no damage.
The centaur shoots an arrow.
The arrow barely misses you. The ogre hits you with a +0 giant club!
You shoot an arrow. The arrow hits the ogre.
The ogre is severely wounded.
The centaur shoots an arrow.
The arrow hits you.
The centaur shoots an arrow.
The arrow hits you.
You shoot an arrow. The arrow hits the ogre!
You kill the ogre!
The centaur shoots an arrow.
The arrow barely misses you.
You shoot an arrow. The arrow hits the centaur!
The centaur is moderately wounded.
The centaur shoots an arrow.
The arrow hits you but does no damage.
The centaur shoots an arrow.
The arrow hits you but does no damage.
You shoot an arrow.
The arrow hits the centaur but does no damage.
The centaur is moderately wounded.
The centaur shoots an arrow.
The arrow hits you but does no damage.
You shoot an arrow. The arrow hits the centaur.
The centaur is heavily wounded.
The centaur shoots an arrow.
The arrow hits you!
You die...

#... #. ..# #.## #..
..##..... .#.## #...
..##....... ..... ..#
#.........#.#.#...
...#..#..#+#.#.......
###.#.#.##......#.#.....
...>..)..c..............
#@##......#.######
#.........#.#
####......#.######
####.#<.#.........
#.....#(###...####
#.##(##.# #..<'... #
#.##.# #...#### ......
#.### #.....# #.#


You could see a centaur.

Vanquished Creatures
  An ice beast (D:4)
  An ogre (D:4)
  2 kobold brigands
  A scorpion (D:4)
  3 hounds
  2 orc wizards (D:4)
  Robin (D:3)
  4 gnolls (D:3)
  8 adders
  2 river rats (Sewer)
  4 orcs (D:4)
  A bat (D:2)
  7 endoplasms
  3 giant cockroaches
  14 goblins
  8 hobgoblins
  A jackal (Sewer)
  13 kobolds
  6 quokkas
  3 ball pythons
  3 frilled lizards (D:1)
  9 rats
97 creatures vanquished.

Notes
Turn   | Place    | Note
-------+----------+-------------------------------------------
     0 | D:1      | qw the Gargoyle Hunter began the quest for the Orb.
     0 | D:1      | Reached XP level 1. HP: 12/12 MP: 1/1
     0 | D:1      | 0 ||| qw: Version: 0.3-a-76-g4403597
     0 | D:1      | 0 ||| qw: Game counter: 86
     0 | D:1      | 0 ||| qw: Melee chars always use a shield: true
     0 | D:1      | 0 ||| qw: God list: Okawaru
     0 | D:1      | 0 ||| qw: Allow faded altars: false
     0 | D:1      | 0 ||| qw: Do Orc after clearing Dungeon:15 true
     0 | D:1      | 0 ||| qw: Do second Lair branch before Depths: true
     0 | D:1      | 0 ||| qw: Lair rune preference: random
     0 | D:1      | 0 ||| qw: Goals: Normal
     0 | D:1      | 0 ||| PLANNING D:1-11
     1 | D:1      | Found a runed translucent door.
   159 | D:1      | Reached XP level 2. HP: 17/17 MP: 2/2
   707 | D:1      | Reached XP level 3. HP: 21/21 MP: 3/3
   838 | D:1      | 838 ||| UPGRADING to +0 ring mail.
   848 | D:1      | 848 ||| DROPPING +0 leather armour.
   849 | D:1      | 849 ||| UPGRADING to +0 cloak.
   854 | D:1      | 854 ||| READING scroll labelled OBRUUC ZIOMM.
   855 | D:1      | 855 ||| READING scroll labelled BIPHOUGILA.
   856 | D:1      | 856 ||| READING scroll labelled ANOESCH OFIZE.
   957 | D:1      | 957 ||| DRINKING 2 brown potions.
   958 | D:1      | 958 ||| DROPPING scroll of butterflies.
   988 | D:2      | 988 ||| STAIRDANCE
   997 | D:2      | 997 ||| STAIRDANCE
  1112 | D:2      | Reached skill level 1 in Armour
  1135 | D:2      | Reached skill level 5 in Ranged Weapons
  1245 | D:2      | Reached XP level 4. HP: 27/27 MP: 4/4
  1288 | D:2      | Reached skill level 3 in Fighting
  1452 | D:2      | 1452 ||| READING scroll labelled RALUIV YCAURONT.
  1457 | D:2      | 1457 ||| READING scroll labelled OPUOVO LAGE.
  1473 | D:3      | 1473 ||| PLANNING SEWER
  1487 | D:3      | 1487 ||| RETREATING.
  1489 | D:3      | 1489 ||| Stepping ~*~*~tactically~*~*~ (retreating).
  1490 | D:3      | 1490 ||| Stepping ~*~*~tactically~*~*~ (retreating).
  1493 | D:3      | 1493 ||| Stepping ~*~*~tactically~*~*~ (outnumbered).
  1496 | D:3      | 1496 ||| Stepping ~*~*~tactically~*~*~ (retreating).
  1497 | D:3      | 1497 ||| Stepping ~*~*~tactically~*~*~ (retreating).
  1498 | D:3      | 1498 ||| Stepping ~*~*~tactically~*~*~ (retreating).
  1500 | D:3      | 1500 ||| Stepping ~*~*~tactically~*~*~ (retreating).
  1501 | D:3      | 1501 ||| Stepping ~*~*~tactically~*~*~ (retreating).
  1502 | D:3      | 1502 ||| Stepping ~*~*~tactically~*~*~ (retreating).
  1505 | D:3      | 1505 ||| Stepping ~*~*~tactically~*~*~ (retreating).
  1507 | D:3      | HP: 6/28 [gnoll/+0 halberd (2)]
  1510 | D:3      | HP: 2/28 [gnoll/+0 halberd (1)]
  1670 | D:3      | Reached XP level 5. HP: 27/32 MP: 5/5
  1677 | D:3      | Reached skill level 6 in Ranged Weapons
  1794 | D:3      | Found a glowing drain.
  1797 | D:3      | 1797 ||| UPGRADING to +0 pair of boots.
  1802 | D:3      | 1802 ||| READING scroll labelled CYHYCA NAMME.
  1808 | Sewer    | Entered a sewer
  1881 | Sewer    | Noticed a kobold brigand
  1895 | Sewer    | Killed a kobold brigand
  1896 | Sewer    | Reached XP level 6. HP: 32/39 MP: 6/6
  1957 | Sewer    | Found a white marble altar of Elyvilon.
  2002 | D:3      | 2002 ||| PLANNING D:1-11
  2154 | D:3      | Noticed Robin
  2165 | D:3      | HP: 9/39 [goblin/+0 dagger[Robin] (1)]
  2166 | D:3      | 2166 ||| DRINKING potion of heal wounds.
  2171 | D:3      | Killed Robin
  2325 | D:3      | Found a faded altar of an unknown god.
  2325 | D:3      | Found a faded altar of an unknown god.
  2333 | D:3      | Found a stormy altar of Qazlal.
  2335 | D:3      | Found a blossoming altar of Fedhas.
  2337 | D:3      | Found a glowing silver altar of Zin.
  2432 | D:3      | 2432 ||| UPGRADING to +0 helmet.
  2458 | D:4      | Noticed an ice beast
  2471 | D:4      | 2471 ||| Stepping ~*~*~tactically~*~*~ (retreating).
  2488 | D:4      | Killed an ice beast
  2489 | D:4      | Reached skill level 3 in Armour
  2489 | D:4      | Reached XP level 7. HP: 31/44 MP: 7/7
  2551 | D:4      | Found a snail-covered altar of Cheibriados.
  2612 | D:4      | Reached skill level 7 in Ranged Weapons
  3011 | D:4      | HP: 7/44 [centaur/arrow (5)]
  3015 | D:4      | Shot with an arrow by a centaur

Levels and vault maps discovered:
D:1:      dpeg_arrival_caged_fury, layout_loops_corners,
          kennysheep_another_room, minmay_small_reverse_x
D:2:      layout_rooms
D:3:      layout_rooms, chequers_temple_overflow_minitemple,
          gup_sewer_entry_bubbles, uniq_robin
D:4:      layout_basic, nicolae_overflow_crystal_walls

Skill      XL: |  1  2  3  4  5  6  7 |
---------------+----------------------+-----
Armour         | 1 3 |  3.2
Ranged Weapons | 5 6 7 |  7.9
Fighting       | 3 4 |  4.5
Dodging        | |  1.5
Stealth        | |  1.1

Action                     |  1- 3 |  4- 6 |  7- 9 || total
---------------------------+-------+-------+-------++-------
   Fire: Shortbow          |   120 |   209 |    96 ||   425
    Use: Scroll            |     3 |     3 |       ||     6
         Potion            |     1 |     1 |       ||     2
 Armour: Leather armour    |    16 |       |       ||    16
         Ring mail         |    25 |   221 |    62 ||   308
  Dodge: Dodged            |    34 |   169 |    38 ||   241

Table legend:
 A = Non-vault XP
 B = Vault XP
 C = Vault XP percentage of total XP
 D = Non-vault monster count
 E = Vault monster count
 F = Vault count percentage of total count
                 A         B        C        D         E       F
            +---------+---------+-------+---------+---------+-------
      Total |     864 |     201 |  18.9 |      64 |      33 |  34.0
            +---------+---------+-------+---------+---------+-------
        D:1 |      33 |       6 |  15.4 |      19 |       4 |  17.4
        D:2 |      61 |       0 |   0.0 |      15 |       0 |   0.0
        D:3 |     180 |      60 |  25.0 |      14 |      20 |  58.8
        D:4 |     590 |       0 |   0.0 |      16 |       0 |   0.0
      Sewer |       0 |     135 | 100.0 |       0 |       9 | 100.0
            +---------+---------+-------+---------+---------+-------
